 Dungeon Crawl Stone Soup version 0.20.0-15-g7f486f2 (webtiles) character file.

2531 Kriby the Cleaver (level 9, -4/83 HPs)
             Began as a Hill Orc Fighter on June 10, 2017.
             Was a Believer of Ashenzari.
             Slain by a killer bee (7 damage)
             ... on level 7 of the Dungeon.
             The game lasted 00:06:45 (7504 turns).

Kriby the Cleaver (Hill Orc Fighter)                Turns: 7504, Time: 00:06:46

Health: -4/83      AC:  8    Str: 27    XL:     9   Next: 55%
Magic:  0/9        EV:  7    Int:  8    God:    Ashenzari [**....]
Gold:   358        SH: 10    Dex: 10    Spells: 8/8 levels left

rFire    . . .     SeeInvis .   a - +1 war axe (curse)
rCold    . . .     Gourm    .   c - +0 shield (curse)
rNeg     . . .     Faith    .   b - +0 scale mail
rPois    .         Spirit   +   (no helmet)
rElec    .         Reflect  .   k - +0 cloak (curse)
rCorr    .         Harm     .   (no gloves)
MR       .....                  (no boots)
Stlth    ..........             r - amulet of guardian spirit
Regen    0.3/turn               (no ring)
MPRegen  0.2/turn               (no ring)

@: mighty, lethally poisoned (-4 -> -61)
A: no striking features
a: Curse Item, Scrying, Renounce Religion


You were on level 7 of the Dungeon.
You worshipped Ashenzari.
Ashenzari was pleased with you.
You were not hungry.

You visited 1 branch of the dungeon, and saw 7 of its levels.

You collected 358 gold pieces.

Inventory:

Hand Weapons
 a - a cursed +1 war axe (weapon)
 s - a +1 flail of protection
 D - the +8 quarterstaff "Riwk" {pain, SInv}
   (You found it on level 6 of the Dungeon)

   In the hands of one skilled in necromantic magic, it inflicts extra damage on
   living creatures.
   It lets you see invisible.
Armour
 b - a +0 scale mail (worn)
 c - a cursed +0 shield (worn)
 k - a cursed +0 cloak (worn)
Jewellery
 r - an amulet of guardian spirit (around neck)
 v - an uncursed ring of positive energy
Wands
 w - a wand of digging (11/24)
 y - a wand of digging (13/24)
Scrolls
 j - 3 scrolls of identify
 l - a scroll of immolation {unknown}
 m - a scroll of enchant weapon
 n - 4 scrolls of teleportation {unknown}
 o - a scroll of vulnerability {unknown}
 p - a scroll of enchant armour {unknown}
 t - a scroll of blinking {unknown}
 z - a scroll of fear {unknown}
 B - a scroll of random uselessness {unknown}
 C - 3 scrolls of amnesia {unknown}
 E - a scroll of holy word {unknown}
Potions
 d - 3 potions of might
 e - 2 potions of haste {unknown}
 g - 2 potions of heal wounds {unknown}
 h - 4 potions of curing {unknown}
 i - 2 potions of degeneration {unknown}
 q - 2 potions of agility {unknown}
 u - a potion of mutation {unknown}
Comestibles
 f - 3 bread rations
 x - 2 meat rations
 A - 2 fruits


   Skills:
 + Level 9.2 Fighting
 * Level 13.4(15.3) Axes
 - Level 3.2 Armour
 - Level 3.2(4.5) Shields


You had 8 spell levels left.
You didn't know any spells.

Dungeon Overview and Level Annotations

Branches:
Dungeon (7/15)             Temple (0/1) D:4

Altars:
Ashenzari
Dithmenos
Fedhas
Gozag
Ru
Yredelemnul


Message History

* * * LOW HITPOINT WARNING * * *
You feel very sick. The killer bee stings you.
* * * LOW HITPOINT WARNING * * *
You are more poisoned.
The killer bee poisons you! You block the killer bee's attack.
The killer bee stings you.
* * * LOW HITPOINT WARNING * * *
The killer bee stings you.
* * * LOW HITPOINT WARNING * * *
You are more poisoned.
The killer bee poisons you!
You miss the killer bee. x2
* * * LOW HITPOINT WARNING * * *
You feel very sick. The killer bee stings you!
* * * LOW HITPOINT WARNING * * *
You are more poisoned.
The killer bee poisons you! The killer bee stings you!
You die...

.# , , #)#.........#
.# * * ,,, *
,#.#..####.### .# ## *
#.#..####.# * .# ,
,#,#. , ,#.......#.# ,
.# *
*#.#.#####....#.##.###
##
*#.#..........#.##....
#
#....#.##..#.#,######
# ,#.#..........# * #
, * #y@#.#######,* #
*, #y##..., ,* ### ,
*...y..### * .<# *
,...#. #.# * ### *
###.#. #.# * , . #.
#.# * * , # #. .# * ,*
,* #. , * , , , * ,


You could see 2 killer bees.

Vanquished Creatures
  The ghost of Kriby the Cleaver, a novice HOFi (D:5)
  Menkaure (D:6)
  An ice beast (D:3)
  2 sky beasts
  2 phantoms
  A centaur (D:6)
  2 bullfrogs
  3 killer bees (D:7)
  5 wights (D:7)
  A howler monkey (D:4)
  2 crimson imps (D:5)
  3 hounds
  A jelly (D:5)
  A bullfrog skeleton (D:6)
  6 orc wizards
  3 orc priests (D:7)
  Terence (D:2)
  4 iguanas
  4 worker ants
  3 hound zombies
  14 adders
  2 shadow imps
  2 oozes (D:1)
  An adder skeleton (D:5)
  5 worms
  A dart slug (D:2)
  3 leopard geckos
  22 orcs
  8 bats
  6 giant cockroaches
  14 goblins
  11 hobgoblins
  16 jackals
  6 kobolds
  2 quokkas (D:2)
  2 ball pythons
  7 frilled lizards
  4 rats
173 creatures vanquished.

Notes
Turn   | Place    | Note
-------+----------+-------------------------------------------
     0 | D:1      | Kriby the Hill Orc Fighter began the quest for the Orb.
     0 | D:1      | Reached XP level 1. HP: 19/19 MP: 1/1
    44 | D:1      | Reached skill level 3 in Axes
    83 | D:1      | Reached XP level 2. HP: 27/27 MP: 2/2
   298 | D:1      | Reached skill level 4 in Axes
   298 | D:1      | Reached XP level 3. HP: 29/33 MP: 3/3
  1213 | D:2      | Reached skill level 5 in Axes
  1213 | D:2      | Reached XP level 4. HP: 40/40 MP: 4/4
  1568 | D:2      | Noticed Terence
  1580 | D:2      | Killed Terence
  2021 | D:3      | Reached XP level 5. HP: 47/47 MP: 5/5
  2067 | D:3      | Reached skill level 6 in Axes
  2356 | D:3      | Found an opulent altar of Gozag.
  2595 | D:3      | Noticed an ice beast
  2609 | D:3      | Killed an ice beast
  2609 | D:3      | Reached skill level 5 in Fighting
  2609 | D:3      | Reached skill level 7 in Axes
  2609 | D:3      | Reached XP level 6. HP: 23/56 MP: 6/6
  3324 | D:4      | Found a shattered altar of Ashenzari.
  3475 | D:4      | Became a worshipper of Ashenzari the Shackled
  3578 | D:4      | Found a staircase to the Ecumenical Temple.
  3635 | D:4      | Found a sacrificial altar of Ru.
  3643 | D:4      | Reached skill level 8 in Axes
  4099 | D:4      | Reached XP level 7. HP: 62/62 MP: 7/7
  4400 | D:5      | Entered Level 5 of the Dungeon
  4425 | D:5      | Reached skill level 9 in Axes
  4605 | D:5      | Noticed Kriby's ghost (novice HOFi)
  4620 | D:5      | Killed Kriby's ghost
  4620 | D:5      | Reached skill level 10 in Axes
  4620 | D:5      | Reached XP level 8. HP: 61/73 MP: 8/8
  4892 | D:5      | Reached skill level 11 in Axes
  5145 | D:5      | Found a shadowy altar of Dithmenos.
  5145 | D:5      | Found a blossoming altar of Fedhas.
  5422 | D:6      | Reached * piety under Ashenzari
  5718 | D:6      | Identified the +8 quarterstaff "Riwk" {pain, SInv}
  5724 | D:6      | Noticed Menkaure
  5733 | D:6      | Killed Menkaure
  6110 | D:6      | Reached skill level 12 in Axes
  6110 | D:6      | Reached XP level 9. HP: 81/81 MP: 9/9
  6755 | D:7      | Identified the cursed +0 buckler "Daijuan" {rPois rF- Int+3}
  7012 | D:7      | Found a basalt altar of Yredelemnul.
  7065 | D:7      | Reached skill level 13 in Axes
  7273 | D:7      | Reached ** piety under Ashenzari
  7504 | D:7      | HP: 3/83 [killer bee (6)]
  7504 | D:7      | Slain by a killer bee

Skill      XL: |  1  2  3  4  5  6  7  8  9 |
---------------+----------------------------+-----
Axes           | 3 4 5 7 8 10 12 13 | 13.4
Fighting       | 4 5 7 8 9 |  9.2
Armour         | |  3.2
Shields        | |  3.2

Action                   |  1- 3 |  4- 6 |  7- 9 || total
-------------------------+-------+-------+-------++-------
Melee: War axe           |   102 |   262 |   294 ||   658
Invok: Curse Item        |       |       |     2 ||     2
Evoke: Wand              |       |       |     1 ||     1
  Use: Potion            |       |       |     2 ||     2
       Scroll            |       |       |     2 ||     2
  Eat: Chunk             |     1 |    10 |    11 ||    22
Armor: Scale mail        |    42 |   114 |   108 ||   264
Dodge: Dodged            |    41 |    87 |    52 ||   180
Block: Shield            |    53 |   118 |   116 ||   287
